 Dungeon Crawl Stone Soup version 0.29-a0-356-g7bc237e783 (webtiles) character file.

Game seed: 17174412771721902760

2114 bande the Chopper (level 9, -3/54 HPs)
             Began as a Gargoyle Fighter on Apr 25, 2022.
             Slain by Maggie
             ... wielding a +1 long sword of flaming
              (14 damage)
             ... on level 6 of the Dungeon.
             The game lasted 00:09:56 (5880 turns).

bande the Chopper (Gargoyle Fighter)                Turns: 5880, Time: 00:09:56

Health: -3/54      AC: 16    Str: 19    XL:     9   Next: 29%
Magic:  9/9        EV:  6    Int: 10    God:
Gold:   410        SH: 14    Dex: 13    Spells: 8/8 levels left

rFire   . . .      SeeInvis .   n - +3 war axe (vorpal)
rCold   + . .      Faith    .   r - +0 kite shield
rNeg    + . .      Spirit   .   i - +0 chain mail
rPois   ∞          Reflect  +   (no helmet)
rElec   +          Harm     .   (no cloak)
rCorr   .          Rampage  .   (no gloves)
Will    .....                   (no boots)
Stlth   ..........              l - amulet of reflection
HPRegen 0.18/turn               j - ring of protection from cold
MPRegen 0.11/turn               (no ring)

@: mesmerised
A: sickness immunity, AC +6, negative energy resistance 1, electricity
resistance, torment resistance 1, petrification resistance
a: no special abilities


You were on level 6 of the Dungeon.
You visited 1 branch of the dungeon, and saw 6 of its levels.

You collected 410 gold pieces.

Inventory:

Hand Weapons
 a - a +0 war axe
 n - a +3 vorpal war axe (weapon)
 v - a +2 flail of protection
Missiles
 q - 3 throwing nets (quivered)
Armour
 i - a +0 chain mail (worn)
 r - a +0 kite shield (worn)
Jewellery
 f - an amulet of magic regeneration
 g - a ring of wizardry
 j - a ring of protection from cold (left hand)
 l - an amulet of reflection (around neck)
Wands
 h - a wand of flame (25)
 t - a wand of digging (5)
Scrolls
 b - 2 scrolls of fear
 e - a scroll of magic mapping
 k - 2 scrolls of teleportation
 w - 3 scrolls of identify
 x - a scroll of enchant weapon
 y - a scroll of amnesia {unknown}
Potions
 c - a potion of haste {unknown}
 d - 3 potions of might
 m - 3 potions of curing
 o - a potion of cancellation
 p - a potion of degeneration
 s - a potion of invisibility {unknown}
 u - a potion of resistance {unknown}
 z - a potion of brilliance {unknown}


   Skills:
 + Level 5.4 Fighting
 + Level 7.4 Axes
 + Level 5.7 Armour
 + Level 6.0 Shields
 * Level 4.3 Evocations


You had 8 spell levels left.
You didn't know any spells.
Your spell library contained the following spells:

 Spells                   Type           Power      Damage    Failure   Level
 Dazzling Flash           Conj/Hex       0%         N/A       100%        3
 Gell's Gravitas          Tloc           0%         N/A       100%        3
 Lesser Beckoning         Tloc           0%         N/A       100%        3
 Teleport Other           Tloc           0%         N/A       100%        3
 Iskenderun's Mystic Bla  Conj/Tloc      0%         2d3       100%        4
 Starburst                Conj/Fire      0%         6d3       100%        6


Dungeon Overview and Level Annotations

Branches:
Dungeon (6/15)
 Temple: D:4-7

Altars:
Ashenzari
Cheibriados
Kikubaaqudgha
Makhleb
Nemelex Xobeh
Sif Muna
Wu Jian
Xom
Yredelemnul

Annotations:
D:5 2 transporters, Lemondrips's ghost, novice SpEE
D:6 Maggie


Innate Abilities, Weirdness & Mutations

You are immune to sickness and miasma.
Your stone body is resilient. (AC +6)
You are immune to poison.
You resist negative energy. (rN+)
You are resistant to electric shocks. (rElec)
You are resistant to unholy torment.
You are immune to petrification.


Message History

The puff of frost hits you but does no damage.
Maggie the Vainglorious comes into view.
She is wielding a +1 long sword of flaming.
Maggie shouts!
Maggie gestures wildly while chanting.
Maggie attempts to bespell you! You resist with some effort.
The white imp hits you but does no damage.
Maggie gestures at you while chanting. The bolt of fire hits you!
You barely miss the white imp. The white imp barely misses you.
You hit the white imp.
The white imp is lightly wounded.
You block the white imp's attack.
You slash the white imp!
You kill the white imp!
You hit Maggie but do no damage. You block Maggie's attack.
You barely miss Maggie.
Maggie shouts, "Leave me alone!"
Maggie casts a spell at you. The bolt of fire hits you!!
Maggie gestures at you while chanting. The bolt of fire hits you!
* * * LOW HITPOINT WARNING * * *
You feel better.
Maggie mumbles some strange words.
Maggie attempts to bespell you!
You are mesmerised by Maggie!
You hit Maggie.
Maggie is lightly wounded.
Maggie hits you with a +1 long sword of flaming.
* * * LOW HITPOINT WARNING * * *
Maggie burns you.
* * * LOW HITPOINT WARNING * * *
You barely miss Maggie.
Maggie is lightly wounded.
Maggie casts a spell.
Maggie draws you further into her thrall.
You hit Maggie but do no damage.
Maggie is lightly wounded.
Maggie hits you with a +1 long sword of flaming!
You die...

##b#.#l##########...≈.###.####
##.≈#.#b≈## ### #########.....
#...#.#..≈# #.. #.#......###
#######.#≈≈≈## #.# #...###### #
#.......#≈..#.##.# ###.#
#.#######..≈#.^..# # #.# ####
#.#≈.≈≈≈≈...####.##.# #.# #...
#.##≈≈###≈.## #@...# #.# #.##
#.###≈#.#.######@# #.# #.##
#.#####.#####...########.#####.##
#..# #.##.###.####(.........|...
##.# #....# #............#######
#.# ####.# #.####.####....># #.#
#.# #.# #.# #..##.# #.#######.#
#.# #.# #(.##.#
#.........###.####.####..##.#
########.................##.####


You could see Maggie (mesmerising).

Vanquished Creatures
  Grinder (D:3)
  A steam dragon (D:6)
  Edmund (D:6)
  A water moccasin (D:6)
  An ice beast (D:5)
  An orc warrior (D:5)
  3 ogres
  2 phantoms (D:5)
  A necrophage (D:4)
  A gnoll sergeant (D:6)
  A scorpion (D:5)
  5 killer bees (D:6)
  A howler monkey (D:6)
  2 jellies (D:6)
  A hound (D:6)
  A gnoll shaman (D:5)
  An orc priest (D:4)
  3 iguanas
  Jessica (D:3)
  2 orc wizards
  4 gnolls (D:6)
  8 adders
  2 white imps
  2 worms (D:3)
  3 dart slugs (D:1)
  19 orcs
  13 ball pythons
  10 endoplasms
  5 goblins
  6 hobgoblins
  2 jackals (D:1)
  5 quokkas
  7 bats
  2 frilled lizards (D:2)
  6 kobolds
  5 rats
130 creatures vanquished.

Vanquished Creatures (others)
  2 ogres (D:5)
  3 scorpions (D:5)
  An orc wizard (D:5)
  An adder (D:5)
  A dart slug (D:5)
  6 fungi (D:6)
14 creatures vanquished.

Grand Total: 144 creatures vanquished

Notes
Turn   | Place    | Note
-------+----------+-------------------------------------------
     0 | D:1      | bande the Gargoyle Fighter began the quest for the Orb.
     0 | D:1      | Reached XP level 1. HP: 14/14 MP: 1/1
    82 | D:1      | Reached skill level 2 in Axes
    95 | D:1      | Reached XP level 2. HP: 19/19 MP: 2/2
   456 | D:1      | Reached XP level 3. HP: 20/23 MP: 3/3
   635 | D:1      | You fall into a shaft and drop 1 floor!
   786 | D:2      | Reached skill level 3 in Axes
   944 | D:1      | Found a faded altar of an unknown god.
  1389 | D:2      | Reached XP level 4. HP: 29/29 MP: 4/4
  1564 | D:3      | Found a sparkling altar of Nemelex Xobeh.
  1598 | D:3      | Noticed Jessica
  1606 | D:3      | Killed Jessica
  2002 | D:3      | Reached XP level 5. HP: 31/33 MP: 5/5
  2274 | D:4      | Noticed Grinder
  2274 | D:4      | Found a burning altar of Makhleb.
  2295 | D:3      | Paralysed by Grinder for 3 turns
  2308 | D:3      | Killed Grinder
  2309 | D:3      | Reached skill level 4 in Axes
  2309 | D:3      | Reached skill level 1 in Evocations
  2309 | D:3      | Reached XP level 6. HP: 18/38 MP: 6/6
  3052 | D:4      | Found a shimmering blue altar of Sif Muna.
  3056 | D:4      | Found an ornate altar of the Wu Jian Council.
  3056 | D:4      | Found a snail-covered altar of Cheibriados.
  3057 | D:4      | Found a basalt altar of Yredelemnul.
  3060 | D:4      | Found a broken altar of Ashenzari.
  3061 | D:4      | Found an ancient bone altar of Kikubaaqudgha.
  3261 | D:4      | Reached XP level 7. HP: 37/44 MP: 7/7
  3373 | D:4      | Reached skill level 5 in Axes
  3517 | D:5      | Entered Level 5 of the Dungeon
  3642 | D:5      | Found a transporter.
  3701 | D:5      | Noticed a yak
  3704 | D:5      | Noticed Lemondrips's ghost (novice SpEE)
  3738 | D:5      | Found a transporter.
  3966 | D:5      | Reached XP level 8. HP: 48/48 MP: 8/8
  4104 | D:5      | Found a shimmering altar of Xom.
  4210 | D:5      | Reached skill level 6 in Axes
  4347 | D:5      | Reached skill level 5 in Armour
  4347 | D:5      | Reached skill level 5 in Shields
  4798 | D:6      | Noticed Edmund
  4817 | D:6      | Killed Edmund
  4818 | D:6      | Reached skill level 5 in Fighting
  5252 | D:6      | Reached skill level 7 in Axes
  5252 | D:6      | Reached XP level 9. HP: 52/54 MP: 9/9
  5871 | D:6      | Noticed Maggie
  5880 | D:6      | Slain by Maggie

Illustrated notes

Levels and vault maps discovered:
D:1:      elethiomel_arrival_quiet, layout_basic,
          hellmonk_ecumenical_altar_leap_of_faith, hangedman_feature_mirror
D:2:      layout_basic, grunt_ministairs_4
D:3:      layout_basic, amcnicky_altar_gilded, uniq_jessica
D:4:      kennysheep_six_static_rooms, layout_cave_pools, minitemple,
          overflow_temple_1_default, uniq_grinder
D:5:      layout_gridville, xom_confusion_cloud, gammafunk_ghost_arena
D:6:      layout_loops_ring, serial_aquarium, aquarium_bridge_square
          [aquarium_subvault_bridge, aquarium_subvault_window,
          aquarium_subvault_balcony, aquarium_subvault_bridge],
          aquarium_bridge_straight [aquarium_subvault_bridge,
          aquarium_subvault_wall, aquarium_subvault_bridge,
          aquarium_subvault_balcony], aquarium_window_corner, aquarium_window_1,
          aquarium_window_fake, aquarium_view_2e, aquarium_view_2b, uniq_edmund,
          uniq_maggie

Skill      XL: |  1  2  3  4  5  6  7  8  9 |
---------------+----------------------------+-----
Axes           | 2 3 4 5 7 |  7.4
Fighting       | 4 5 |  5.4
Armour         | 4 5 |  5.7
Shields        | 4 5 6 |  6.0
Evocations     | 1 2 4 |  4.3

Action                   |  1- 3 |  4- 6 |  7- 9 || total
-------------------------+-------+-------+-------++-------
Melee: War axe           |   108 |   108 |   202 ||   418
  Use: Scroll            |     7 |     2 |     4 ||    13
       Potion            |       |       |     3 ||     3
Armor: Scale mail        |    31 |       |       ||    31
       Chain mail        |    50 |    35 |   117 ||   202
Dodge: Dodged            |    46 |    26 |    45 ||   117
Block: Buckler           |    32 |    57 |    92 ||   181
       Reflection        |     1 |       |       ||     1
       Kite shield       |       |       |    56 ||    56

Table legend: (Time is in decaauts)
 A = Elapsed time spent in this place.
 B = Non-inter-level travel time spent in this place.
 C = Inter-level travel time spent in this place.
 D = Time resting spent in this place.
 E = Time spent auto-exploring this place.
 F = Levels seen in this place.
 G = Mean time per level.
                   A        B        C        D        E       F      G
               +--------+--------+--------+--------+--------+-----+--------+
         Total |   6015 |   6000 |     15 |    810 |   3885 |   6 | 1002.5 |
       Dungeon |   6015 |   6000 |     15 |    810 |   3885 |   6 | 1002.5 |
               +--------+--------+--------+--------+--------+-----+--------+

Top non-repeatable levels by time:
     D:5: 1299 daAuts
     D:6: 1109 daAuts
     D:4: 1060 daAuts
     D:3: 1012 daAuts
     D:1: 835 daAuts
     D:2: 696 daAuts
